 Dungeon Sprint DCSS version 0.30-a0-1161-g0704695555 (webtiles) character file.

Game seed: 18106628723299489553

226 sircluck the Cleaver (level 6, -3/63 HPs)
             Began as a Hill Orc Berserker on Apr 26, 2023.
             Was a Priest of Trog.
             Killed from afar by a steam dragon (20 damage)
             ... with a ball of steam
             ... in the Dungeon (Sprint IX: "|||||||||||||||||||||||||||||") on Apr 27, 2023.
             The game lasted 00:00:52 (151 turns).

sircluck the Cleaver (Hill Orc Berserker)            Turns: 151, Time: 00:00:53

Health: -3/63      AC:  2    Str: 22    XL:     6   Next: 1%
Magic:  6/6        EV: 12    Int:  7    God:    Trog [***...]
Gold:   0          SH:  0    Dex: 10    Spells: 5/5 levels left

rFire   . . .        k - +1 broad axe (heavy)
rCold   . . .        (no shield)
rNeg    . . .        b - +0 animal skin
rPois   .            (no helmet)
rElec   .            (no cloak)
rCorr   .            (no gloves)
SInv    .            (no boots)
Will    .....        (no amulet)
Stlth   +            (no ring)
HPRegen 0.30/turn    (no ring)
MPRegen 0.10/turn

%: no teleportation
@: no status effects
A: no striking features
a: Renounce Religion, Berserk, Trog's Hand


You were in the Dungeon.
You worshipped Trog.
Trog was most pleased with you.
You visited 1 branch

Inventory:

Hand Weapons
 a - a +0 hand axe
 k - a +1 heavy broad axe (weapon)
Armour
 b - a +0 animal skin (worn)
 l - a +0 helmet
 m - a +0 pair of gloves
 n - a +1 scale mail
Jewellery
 o - a +3 ring of intelligence
 p - a +3 ring of dexterity
Wands
 j - a wand of roots (10)
Scrolls
 h - 2 scrolls of blinking
Potions
 c - 5 potions of curing
 d - 3 potions of heal wounds
 e - a potion of haste
 f - 4 potions of magic
 g - a potion of berserk rage
 i - a potion of invisibility


   Skills:
 + Level 9.2 Fighting
 + Level 10.9 Axes
 + Level 4.4 Armour
 + Level 3.7 Dodging


You had 5 spell levels left.
You didn't know any spells.
Your spell library was empty.

Dungeon Overview and Level Annotations

Branches:
Dungeon (1/1)

Altars:
Cheibriados
Dithmenos
Elyvilon
Fedhas
Gozag
Hepliaklqana
Kikubaaqudgha
Makhleb
Nemelex Xobeh
Okawaru
Qazlal
Ru
Sif Muna
Trog
Uskayaw
Vehumet
Wu Jian
Xom
Yredelemnul
Zin
The Shining One
Beogh
Jiyva
Lugonu


Message History

You see here 2 scrolls of amnesia.
Items here: ))))).
As you open the door, it creaks loudly!
A centaur, a yak, 2 trolls, an orc warrior and a steam dragon come into view.
The yak bellows!
The troll shouts!
The orc warrior shouts!
The steam dragon hisses angrily.
The steam dragon attacks as you move away!
The steam dragon misses you. The steam dragon closely misses you.
The steam dragon breathes steam at you. The ball of steam hits you!
You are engulfed in a cloud of scalding steam.
You are engulfed in a cloud of scalding steam.
Items here: ))))).
Okay, then.
k - a +1 heavy broad axe (weapon)
You are engulfed in a cloud of scalding steam.
You see here 2 scrolls of amnesia.
There is an open door here.
There is a glowing golden altar of the Shining One here.
There is a glowing silver altar of Zin here.
There is a basalt altar of Yredelemnul here.
There is a shimmering altar of Xom here.
There is an ornate altar of the Wu Jian Council here.
There is a radiant altar of Vehumet here.
There is a hide-covered altar of Uskayaw here.
There is a bloodstained altar of Trog here.
There is a shimmering blue altar of Sif Muna here.
The steam dragon breathes steam at you. The ball of steam hits you!
There is a sacrificial altar of Ru here.
You are engulfed in a cloud of scalding steam.
There is a stormy altar of Qazlal here.
There is an iron altar of Okawaru here.
You are engulfed in a cloud of scalding steam.
* * * LOW HITPOINT WARNING * * *
There is a sparkling altar of Nemelex Xobeh here.
There is a burning altar of Makhleb here.
The steam dragon breathes steam at you. The ball of steam hits you!!
You die...

▓T▓
▓o▓
▓_▓
▓_▓
▓D▓
▓§▓
▓§▓
▓§▓
▓@▓
▓_▓
▓_▓
▓_▓
▓_▓
▓_▓
▓_▓
▓_▓
▓_▓


There were no monsters in sight!

Vanquished Creatures
  An ogre (D)
  A phantom (D)
  2 hounds (D)
  An ufetubus (D)
  An endoplasm (D)
  2 kobolds (D)
  2 ball pythons (D)
10 creatures vanquished.

Notes
Turn   | Place    | Note
-------+----------+-------------------------------------------
     0 | D        | sircluck the Hill Orc Berserker began the quest for the
                  | Orb.
     0 | D        | Reached XP level 1. HP: 19/19 MP: 1/1
    10 | D        | Reached ** piety under Trog
    14 | D        | Reached skill level 5 in Axes
    31 | D        | Noticed a hound
    31 | D        | Noticed a hound
    31 | D        | Noticed an ogre
    31 | D        | Noticed a phantom
    34 | D        | Reached XP level 2. HP: 28/28 MP: 2/2
    37 | D        | Killed a phantom
    37 | D        | Reached *** piety under Trog
    38 | D        | Reached skill level 8 in Axes
    38 | D        | Reached XP level 3. HP: 39/39 MP: 3/3
    38 | D        | Reached XP level 4. HP: 47/47 MP: 4/4
    42 | D        | Killed an ogre
    43 | D        | Reached skill level 10 in Axes
    43 | D        | Reached XP level 5. HP: 56/56 MP: 5/5
    55 | D        | Reached XP level 6. HP: 63/63 MP: 6/6
    60 | D        | Found a roughly hewn altar of Beogh.
    60 | D        | Found a snail-covered altar of Cheibriados.
    60 | D        | Found a shadowy altar of Dithmenos.
    60 | D        | Found a white marble altar of Elyvilon.
    60 | D        | Found a blossoming altar of Fedhas.
    60 | D        | Found an opulent altar of Gozag.
    61 | D        | Found a hazy altar of Hepliaklqana.
    62 | D        | Found a viscous altar of Jiyva.
    63 | D        | Found an ancient bone altar of Kikubaaqudgha.
    64 | D        | Found a corrupted altar of Lugonu.
    65 | D        | Found a burning altar of Makhleb.
    66 | D        | Found a sparkling altar of Nemelex Xobeh.
    67 | D        | Found an iron altar of Okawaru.
    68 | D        | Found a stormy altar of Qazlal.
    69 | D        | Found a sacrificial altar of Ru.
    70 | D        | Found a shimmering blue altar of Sif Muna.
    71 | D        | Found a bloodstained altar of Trog.
    72 | D        | Found a hide-covered altar of Uskayaw.
    73 | D        | Found a radiant altar of Vehumet.
    74 | D        | Found an ornate altar of the Wu Jian Council.
    75 | D        | Found a shimmering altar of Xom.
    76 | D        | Found a basalt altar of Yredelemnul.
    77 | D        | Found a glowing silver altar of Zin.
    78 | D        | Found a glowing golden altar of the Shining One.
   110 | D        | Upgraded the game from 0.30-a0-1160-g6e42c06551 to
                  | 0.30-a0-1161-g0704695555
   126 | D        | Noticed a troll
   126 | D        | Noticed a yak
   126 | D        | Noticed a troll
   126 | D        | Noticed an orc warrior
   126 | D        | Noticed a steam dragon
   151 | D        | Killed from afar by a steam dragon

Illustrated notes

Levels and vault maps discovered:
D:        linesprint [early_d, line_temple, items_1, d_10, items_2, lair_1,
          lair_end, items_3, orc_1, orc_end, items_4, d_15, swamp_1, shoals_1,
          snake_1, spider_1, d_20, vaults_1, items_5, swamp_end, shoals_end,
          snake_end, spider_end, vaults_end, d_27, items_6, zot_1, zot_end,
          crypt_end, forest_end, elf_end, slime_end, tomb_end, abyss_end,
          pan_hell_end]

Skill      XL: |  1  2  3  4  5 |
---------------+----------------+-----
Fighting       | 4 7 8 9 |  9.2
Axes           | 5 8 10 | 10.9
Dodging        | 2 3 |  3.7
Armour         | 3 4 |  4.4

Action                     |  1- 3 |  4- 6 || total
---------------------------+-------+-------++-------
  Melee: Hand axe          |    14 |    16 ||    30
 Invoke: Berserk           |     1 |       ||     1
 Armour: Animal skin       |     2 |     2 ||     4
  Dodge: Dodged            |     9 |     8 ||    17

Table legend: (Time is in decaauts)
 A = Elapsed time spent in this place.
 B = Non-inter-level travel time spent in this place.
 C = Inter-level travel time spent in this place.
 D = Time resting spent in this place.
 E = Time spent auto-exploring this place.
 F = Levels seen in this place.
 G = Mean time per level.
                   A        B        C        D        E       F      G
               +--------+--------+--------+--------+--------+-----+--------+
         Total |    157 |    157 |      0 |      0 |      3 |   1 |  157.0 |
       Dungeon |    157 |    157 |      0 |      0 |      3 |   1 |  157.0 |
               +--------+--------+--------+--------+--------+-----+--------+

Top non-repeatable levels by time:
       D: 157 daAuts
